 Dungeon Crawl Stone Soup version 0.18-a0-19-g8b99b3a (webtiles) character file.

2585 kosy22 the Ducker (level 9, -7/88 HPs)
             Began as a Troll Fighter on Oct 30, 2015.
             Mangled by Joseph
             ... wielding a +0 antimagic quarterstaff
              (13 damage)
             ... on level 8 of the Dungeon on Nov 1, 2015.
             The game lasted 00:25:37 (6949 turns).

kosy22 the Ducker (Troll Fighter)                   Turns: 6949, Time: 00:25:38

Health: -7/88      AC:  7    Str: 34    XL:     9   Next: 32%
Magic:  0/8        EV: 16    Int:  4    God:
Gold:   355        SH:  0    Dex:  9    Spells: 0 memorised, 8 levels left

rFire  . . .     SeeInvis .     U - +0 giant spiked club
rCold  . . .     Clarity  .     a - +2 robe
rNeg   . . .     SustAt   .     (shield currently unavailable)
rPois  +         Gourm    +     (helmet restricted)
rElec  .         Spirit   .     (no cloak)
rCorr  +         Warding  .     (gloves unavailable)
rMut   .         Stasis   .     (boots unavailable)
MR     .....                    e - amulet of resist corrosion
Stlth  ++........               m - ring of stealth
                                i - +4 ring of evasion

@: mighty, not resistant to hostile enchantments, unstealthy
A: unfitting armour, claws 3, fast metabolism 3, gourmand, poison resistance,
regeneration 2, shaggy fur 1, tough skin 2
a: no special abilities


You were on level 8 of the Dungeon.
You were very full.

You visited 2 branches of the dungeon, and saw 9 of its levels.

You collected 355 gold pieces.

Inventory:

Hand Weapons
 Q - a +0 blowgun
 U - a +0 giant spiked club (weapon)
Missiles
 w - 2 javelins (quivered)
 J - 8 curare-tipped needles
 L - 8 tomahawks
 P - 26 poisoned needles
Armour
 a - a +2 robe (worn)
 b - a +1 shield
Magical Staves
 r - an uncursed staff of cold
Jewellery
 e - an amulet of resist corrosion (around neck)
 i - a +4 ring of evasion (left claw)
 m - a ring of stealth (right claw)
 y - an uncursed ring of protection from magic
 C - an uncursed ring of protection from cold
Wands
 k - a wand of flame (37)
 t - a wand of frost (18)
 G - a wand of slowing (7)
 S - a wand of disintegration (16)
 T - a wand of flame (36)
Scrolls
 f - 5 scrolls of identify
 l - 3 scrolls of remove curse {unknown}
 q - a scroll of fog {unknown}
 x - 2 scrolls of enchant weapon {unknown}
 A - 3 scrolls of magic mapping {unknown}
 B - a scroll of blinking {unknown}
 D - a scroll of teleportation {unknown}
 I - a scroll of recharging {unknown}
 R - a scroll of fear {unknown}
Potions
 c - 3 potions of might
 g - 2 potions of agility
 n - a potion of lignification
 p - a potion of ambrosia
 s - a potion of cure mutation {unknown}
 u - a potion of mutation {unknown}
 v - 2 potions of berserk rage
 F - 2 potions of flight
 M - 2 potions of resistance {unknown}
Books
 K - a book of Minor Magic

   Spells                             Type                      Level
   a - Magic Dart                     Conjuration                  1
   b - Blink                          Translocation                2
   c - Call Imp                       Summoning                    2
   d - Repel Missiles                 Charms/Air                   2
   e - Slow                           Hexes                        2
   f - Conjure Flame                  Conjuration/Fire             3
   g - Mephitic Cloud                 Conjuration/Poison/Air       3
Miscellaneous
 o - a plain deck of wonders {drawn: 2}
Comestibles
 h - a meat ration
 j - a slice of pizza
 z - 3 bread rations
 E - a beef jerky
 H - 2 fruits


   Skills:
 + Level 5.0 Fighting
 + Level 1.7 Throwing
 + Level 7.0 Dodging
 + Level 2.0 Stealth
 + Level 4.8 Shields
 + Level 5.8 Unarmed Combat
 + Level 0.2 Evocations


You had 8 spell levels left.
You didn't know any spells.

Dungeon Overview and Level Annotations

Branches:
Dungeon (8/15)             Temple (1/1) D:4
   Lair: D:8-11

Altars:
Ashenzari
Cheibriados
Dithmenos
Elyvilon
Fedhas
Gozag
Kikubaaqudgha
Makhleb
Nemelex Xobeh
Qazlal
Ru
Sif Muna
Trog
Vehumet
Xom
Yredelemnul
Zin
The Shining One

Annotations:
D:8 Joseph


Innate Abilities, Weirdness & Mutations

You are too large for most types of armour.
You have claws for hands.
Your metabolism is lightning-fast.
You like to eat raw meat.
You heal very quickly.
You are covered in fur (AC +1).
You have very tough skin (AC +2).
Your system is resistant to poisons.


Message History

You feel your power leaking away. The giant frog hits you.
* * * LOW HITPOINT WARNING * * *
The sky beast hits you.
* * * LOW HITPOINT WARNING * * *
The sky beast shocks you.
* * * LOW HITPOINT WARNING * * *
Unknown command.
You barely miss the giant frog. Joseph misses you.
The giant frog closely misses you. The giant frog hits you.
* * * LOW HITPOINT WARNING * * *
Joseph misses you. The giant frog hits you.
* * * LOW HITPOINT WARNING * * *
Joseph hits you but does no damage.
Unknown command.
Drink which item? (? for menu, Esc to quit)
You feel better. The giant frog hits you.
* * * LOW HITPOINT WARNING * * *
Joseph hits you with an uncursed antimagic quarterstaff!
You die...

##PP.#♣.)P###.........(#.# #.#.
#.♣##.P)♣P##..........#.#####.#.
#...##.....###).......#.......#.
##..###♣♣.(♣##)###....#########.
#P..# #.♣)P##)...(...# #.
#..####))P♣#.....#.##########.
###.♣##..(P###..#.............
######.P####♣..##..##...#########
..............YF@...+...'...>..†.
...##....#.....@#..##...#########
##.#####.#.#.##(#..##...# #.##
#.#.#..#.#..##...# #†.#
#.#.#.<#.#..##...# ##.#
#.#......#..##...#
#.####...........##...#
#.#.............###...####
#...######'####..........#


You could see Joseph (berserk), a sky beast and a giant frog.

Vanquished Creatures
  A two-headed ogre (D:8)
  A hippogriff (D:8)
  Menkaure (D:6)
  3 sky beasts
  An orc warrior (D:6)
  An ice beast (D:5)
  2 ogres (D:5)
  A necrophage (D:8)
  A centaur (D:6)
  A big kobold (D:8)
  2 giant frogs
  A scorpion (D:5)
  A water moccasin zombie (D:7)
  5 killer bees (D:8)
  5 wights (D:6)
  2 crimson imps (D:6)
  2 hounds (D:6)
  2 orc wizards
  Ijyb (D:3)
  Jessica (D:3)
  4 worker ants
  An iguana (D:4)
  A hound skeleton (D:6)
  A worker ant zombie (D:5)
  2 gnolls (D:2)
  7 adders
  3 shadow imps
  3 oozes (D:2)
  4 worms
  An adder skeleton (D:6)
  2 giant geckos
  11 orcs
  2 giant cockroaches
  7 goblins
  10 hobgoblins
  25 kobolds
  A bat (D:3)
  A giant cockroach zombie (D:5)
  A giant gecko zombie (D:6)
  9 jackals
  4 quokkas
  6 rats
  A rat zombie (D:3)
  A plant (D:8)
143 creatures vanquished.

Vanquished Creatures (others)
  A kobold (D:8)
1 creature vanquished.

Grand Total: 144 creatures vanquished

Notes
Turn   | Place    | Note
--------------------------------------------------------------
     0 | D:1      | kosy22 the Troll Fighter began the quest for the Orb.
     0 | D:1      | Reached XP level 1. HP: 22/22 MP: 0/0
   327 | D:1      | Reached XP level 2. HP: 29/29 MP: 1/1
   812 | D:2      | Reached XP level 3. HP: 29/36 MP: 2/2
   899 | D:2      | Reached skill level 3 in Dodging
   956 | D:2      | Gained mutation: Your system is resistant to poisons. [helix card]
  1212 | D:3      | Reached XP level 4. HP: 44/44 MP: 3/3
  1252 | D:3      | Noticed Ijyb
  1276 | D:3      | Killed Ijyb
  1427 | D:3      | Found an ancient bone altar of Kikubaaqudgha.
  1488 | D:3      | Found a shadowy altar of Dithmenos.
  1547 | D:3      | Noticed Jessica
  1552 | D:3      | Killed Jessica
  1552 | D:3      | Reached XP level 5. HP: 44/53 MP: 4/4
  1717 | D:3      | Found a sacrificial altar of Ru.
  1722 | D:3      | Upgraded the game from 0.18-a0-1-gfac8111 to 0.18-a0-19-g8b99b3a
  2640 | D:4      | Found a staircase to the Ecumenical Temple.
  2673 | Temple   | Entered the Ecumenical Temple
  3186 | D:5      | Entered Level 5 of the Dungeon
  3209 | D:5      | Noticed an ogre
  3221 | D:5      | Killed an ogre
  3221 | D:5      | Reached XP level 6. HP: 26/61 MP: 5/5
  3397 | D:5      | Reached skill level 4 in Dodging
  3397 | D:5      | Reached skill level 1 in Stealth
  3653 | D:5      | Reached XP level 7. HP: 40/67 MP: 6/6
  4334 | D:6      | Reached skill level 5 in Dodging
  4336 | D:6      | HP: 1/67 [wight/great sword of freezing (8)]
  4486 | D:6      | Noticed Menkaure
  4495 | D:6      | Killed Menkaure
  4613 | D:6      | Reached XP level 8. HP: 64/78 MP: 7/7
  4694 | D:6      | Reached skill level 5 in Unarmed Combat
  5080 | D:6      | Found a basalt altar of Yredelemnul.
  5080 | D:6      | Found a glowing golden altar of the Shining One.
  5082 | D:6      | Found a white marble altar of Elyvilon.
  5082 | D:6      | Found a deep blue altar of Sif Muna.
  5084 | D:6      | Found a bloodstained altar of Trog.
  5084 | D:6      | Found a glowing silver altar of Zin.
  5462 | D:7      | Found a blossoming altar of Fedhas.
  5462 | D:7      | Found a sparkling altar of Nemelex Xobeh.
  5463 | D:7      | Found a stormy altar of Qazlal.
  5503 | D:7      | Found a shattered altar of Ashenzari.
  5809 | D:7      | Reached skill level 6 in Dodging
  6176 | D:8      | Reached skill level 1 in Throwing
  6560 | D:8      | Reached XP level 9. HP: 87/87 MP: 8/8
  6721 | D:8      | Reached skill level 5 in Fighting
  6938 | D:8      | Noticed Joseph
  6942 | D:8      | Reached skill level 7 in Dodging
  6948 | D:8      | HP: 3/88 [giant frog (6)]
  6949 | D:8      | Mangled by Joseph

Vault maps used:
D:1:      dpeg_arrival_chase
D:2:      amalloy_card_club
D:3:      lemuel_zombie_altar_kikubaaqudgha, nicolae_overflow_hidden_temple,
          minivault_26, grunt_dithmenos_smoke, uniq_jessica, uniq_iyjb
D:4:      minmay_temple_entry_statues_pillars, first_bread
D:6:      grunt_temple_overflow_open, uniq_menkaure
D:7:      ashenzari_altar_1, gammafunk_temple_overflow_claw
D:8:      kennysheep_kobold_camp, uniq_joseph
Temple:   hc_temple_tempest_star_small

Action                   |  1- 3 |  4- 6 |  7- 9 || total
-------------------------+-------+-------+-------++-------
Melee: Unarmed           |    79 |   157 |   299 ||   535
       Giant spiked club |       |       |    24 ||    24
 Fire: Blowgun           |       |       |    16 ||    16
Throw: Javelin           |       |       |    14 ||    14
       Tomahawk          |       |       |    12 ||    12
Evoke: Deck              |     2 |       |       ||     2
  Use: Potion            |     1 |     4 |     6 ||    11
       Scroll            |     3 |     2 |     3 ||     8
 Stab: Sleeping          |     2 |     1 |     5 ||     8
  Eat: Bread ration      |     2 |     1 |     2 ||     5
       Royal jelly       |     1 |       |       ||     1
       Beef jerky        |       |     1 |       ||     1
       Chunk             |       |    10 |    25 ||    35
       Meat ration       |       |     1 |       ||     1
       Pizza             |       |     1 |       ||     1
       Fruit             |       |       |     1 ||     1
